 Dungeon Crawl Stone Soup version 0.31-a0-175-g9f7f995f2b (webtiles) character file.

Game seed: 4272046008117444589

20636 jasper the Nimble (level 12, -1/64 HPs)
             Began as a Spriggan Summoner on June 16, 2023.
             Was a High Priest of the Shining One.
             Slain by a skyshark (24 damage)
             ... on level 2 of the Lair of Beasts.
             The game lasted 00:30:13 (14785 turns).

jasper the Nimble (Spriggan Summoner)              Turns: 14785, Time: 00:30:14

Health: -1/64      AC:  9    Str:  4    XL:     12   Next: 47%
Magic:  15/20      EV: 23    Int: 26    God:    the Shining One [*****.]
Gold:   106        SH:  0    Dex: 16    Spells: 11/21 levels left

rFire   + +          .
                       - Unarmed
rCold   . . .        (no shield)
rNeg    + + .        k - +1 troll leather armour {Pargi}
rPois   +            r - +2 hat
rElec   .            y - +1 cloak {Will+}
rCorr   .            (gloves unavailable)
SInv    +            (boots unavailable)
Will    ++++.        (no amulet)
Stlth   +            T - ring "Hudulapt" {rPois rF+ Will+ Int+5 Stlth-}
HPRegen 1.10/turn    c - ring of protection from fire
MPRegen 0.17/turn

%: no passive effects
@: glowing, very quick
A: very small, no large weapons, unfitting armour, see invisible, speed 3
a: Renounce Religion, Divine Shield, Cleansing Flame, Summon Divine Warrior


You were on level 2 of the Lair of Beasts.
You worshipped the Shining One.
The Shining One was extremely pleased with you.
You visited 3 branches of the dungeon, and saw 14 of its levels.
You also visited: Sewer.

You collected 982 gold pieces.
You spent 876 gold pieces at shops.

Inventory:

Hand Weapons
 f - a +0 dagger
 p - a +0 spear
 s - a +3 short sword
 E - a +0 trident
 F - a +3 scimitar of flaming
Missiles
 v - 18 poisoned darts
 w - 5 curare-tipped darts
Armour
 a - a +0 robe
 k - a +1 troll leather armour (worn) {Pargi}
 l - an orb of mayhem
 r - a +2 hat (worn)
 y - a +1 cloak of willpower (worn)
 z - a +2 robe of resistance
 A - a scarf of repulsion
 C - an orb of energy
 I - a +0 cloak of stealth
 V - a +1 hat of stealth
Jewellery
 c - a ring of protection from fire (right hand)
 B - a ring of poison resistance
 J - a ring of positive energy
 T - the ring "Hudulapt" (left hand) {rPois rF+ Will+ Int+5 Stlth-}
   (You bought it in a shop on level 6 of the Dungeon)

   [ring of protection from fire]

   Int:       It affects your intelligence (+5).
   rF:        It protects you from fire.
   rPois:     It protects you from poison.
   Will:      It increases your willpower.
   Stlth:     It makes you less stealthy.
Wands
 t - a wand of digging (4)
 H - a wand of quicksilver (6)
 N - a wand of mindburst (9)
 Q - a wand of charming (7)
Scrolls
 d - 6 scrolls of immolation
 g - 3 scrolls of summoning
 o - 3 scrolls of teleportation
 G - a scroll of poison
 K - a scroll of fog
 L - a scroll of enchant armour
 M - a scroll of revelation
 O - 5 scrolls of identify
 P - a scroll of fear
 R - a scroll of silence {unknown}
 S - a scroll of blinking
 U - a scroll of amnesia
Potions
 b - 3 potions of magic
 e - 2 potions of enlightenment
 i - 3 potions of haste
 j - a potion of cancellation
 m - a potion of resistance
 n - 3 potions of degeneration
 q - 4 potions of might
 u - 2 potions of curing
 x - 2 potions of brilliance
 D - 2 potions of lignification {unknown}


   Skills:
 + Level 8.1 Fighting
 + Level 12.6 Dodging
 - Level 3.0 Stealth
 + Level 6.9 Unarmed Combat
 - Level 5.1 Spellcasting
 - Level 2.0 Hexes
 - Level 11.0 Summonings
 - Level 4.0 Air Magic


You had 11 spell levels left.
You knew the following spells:

 Your Spells              Type           Power      Damage    Failure   Level
b - Summon Guardian Gole  Hex/Summ       40%        N/A       2%          3
c - Call Canine Familiar  Summ           59%        N/A       1%          3
d - Summon Lightning Spi  Summ/Air       45%        N/A       6%          4

Your spell library contained the following spells:

 Spells                   Type           Power      Damage    Failure   Level
 Summon Small Mammal      Summ           100%       N/A       1%          1
 Call Imp                 Summ           100%       N/A       1%          2
 Sandblast                Erth           12%        2d6       14%         1
 Animate Armour           Summ/Erth      70%        N/A       14%         4
 Passwall                 Tmut/Erth      5%         N/A       21%         2
 Ignite Poison            Fire/Tmut/Pois 6%         N/A       38%         3
 Stone Arrow              Conj/Erth      12%        3d7       38%         3
 Sticky Flame             Conj/Fire      6%         2d3       80%         4
 Orb of Destruction       Conj           3%         9d5       100%        7
 Spellforged Servitor     Conj/Summ      17%        N/A       100%        7
 Ignition                 Fire           3%         3d4       100%        8
 Lehudib's Crystal Spear  Conj/Erth      3%         10d2      100%        8


Dungeon Overview and Level Annotations

Branches:
Dungeon (11/15)            Temple (1/1) D:5            Lair (2/5) D:9
    Orc (0/2) D:11          Sewer (visited)
  Swamp: Lair:2-3    Shoals: Lair:2-3     Snake: Lair:2-3    Spider: Lair:2-3

Altars:
Ashenzari
Cheibriados
Dithmenos
Elyvilon
Fedhas
Gozag
Hepliaklqana
Kikubaaqudgha
Makhleb
Nemelex Xobeh
Okawaru
Qazlal
Ru
Sif Muna
Trog
Uskayaw
Vehumet
Wu Jian
Xom
Yredelemnul
Zin
The Shining One

Shops:
D:5 [   D:6 *=

Annotations:
D:3 1 runed translucent door, wesleywilliam's ghost, amateur SpBr
D:8 4 transporters


Innate Abilities, Weirdness & Mutations

You are very small and have problems with some larger weapons.
You are too small for most types of armour.
You have supernaturally acute eyesight. (SInv)
You cover ground extremely quickly. (Speed+++)


Message History

The skyshark completely misses you. The skyshark barely misses you.
Your wolf bites the skyshark!
You hit the skyshark but do no damage.
The skyshark is heavily wounded.
Your wolf bites the skyshark.
The skyshark completely misses you. The skyshark tail-slaps you!
The skyshark completely misses you.
Your lightning spire shoots out a bolt of lightning at the skyshark!
The bolt of electricity hits the skyshark.
You take 6 damage, and have 44/64 hp.
You punch the skyshark!
You punch the skyshark, but do no damage.
The skyshark is severely wounded.
Your wolf bites the skyshark but does no damage. x2
The skyshark bites your wolf!
The skyshark enters a blood-rage!
The skyshark tail-slaps your wolf. x2
Your wolf dies!
Your wolf's corpse disappears in a puff of smoke!
You hit the skyshark but do no damage.
The skyshark is severely wounded.
The skyshark bites you. The skyshark tail-slaps you.
The skyshark barely misses you.
You take 8 damage, and have 37/64 hp.
You hit the skyshark.
The skyshark is severely wounded.
The skyshark completely misses you. x2; The skyshark barely misses you.
You hit the skyshark. You punch the skyshark.
The skyshark is severely wounded.
The skyshark completely misses you. The skyshark tail-slaps you. x2
The skyshark closely misses you. The skyshark tail-slaps you!
The skyshark barely misses you.
You take 10 damage, and have 28/64 hp.
You hit the skyshark but do no damage.
The skyshark is severely wounded.
The skyshark completely misses you. x2; The skyshark tail-slaps you.
You take 3 damage, and have 25/64 hp.
You hit the skyshark but do no damage.
The skyshark is severely wounded.
The skyshark bites you. The skyshark completely misses you.
The skyshark barely misses you. The skyshark bites you!!
You die...

...........>..# ##..
..............# #...
.............## #...
......##.....# ##..
.......P.....###########..
..........................
..........................
........8l................
.........@................
..........................
............<.............
##..P......###...#.#.#.#..
###......## ###########..
#....... #.. #....... #..
#......# #.. ... #..


You could see a skyshark (berserk, ally target) and a friendly lightning spire
(summoned).

Vanquished Creatures
  A manticore (D:11)
  Maurice (D:10)
  A komodo dragon (Lair:1)
  5 yaks
  A steam dragon (D:9)
  A warg (D:11)
  2 water moccasins
  2 black bears (D:9)
  A sky beast (D:8)
  A wolf (Lair:1)
  5 bullfrogs
  A scorpion (D:9)
  A wight (D:9)
  2 killer bees (D:11)
  5 hounds
  4 orc wizards
  3 iguanas
  5 adders
  A river rat (D:4)
  A shadow imp (D:7)
  2 ufetubi (D:5)
  A worm (D:2)
  3 dart slugs
  11 orcs
  A bat (D:2)
  9 endoplasms
  5 goblins
  3 hobgoblins
  3 quokkas (D:2)
  6 ball pythons
  2 frilled lizards (D:3)
  10 kobolds
  5 rats
105 creatures vanquished.

Vanquished Creatures (collateral kills)
  Gastronok (Lair:1)
  Erica (D:8)
  A centaur warrior (D:11)
  4 two-headed ogres
  An orc knight (D:11)
  An ugly thing (D:11)
  A cyclops (D:11)
  2 cane toads
  2 komodo dragons (Lair:2)
  A tengu conjurer (D:11)
  3 hornets
  A polar bear (Lair:1)
  8 blink frogs
  Sigmund (D:6)
  14 yaks
  2 wargs (D:11)
  2 water moccasins
  An ice beast (D:7)
  2 orc warriors
  A black bear (D:5)
  An ogre (D:6)
  11 wolves
  A centaur (D:8)
  2 lemures (D:4)
  2 phantoms
  4 kobold brigands
  A gnoll sergeant (D:5)
  6 bullfrogs
  3 wights (D:9)
  3 killer bees (D:11)
  2 nameless horrors
  A jelly (D:6)
  A gnoll bouda (D:5)
  4 hounds
  6 orc priests
  3 sleepcaps
  3 iguanas
  13 orc wizards
  7 adders
  11 gnolls
  3 river rats (Sewer)
  2 shadow imps
  2 white imps (D:6)
  6 worms
  3 dart slugs
  27 orcs
  2 bats
  4 endoplasms
  5 giant cockroaches
  2 goblins
  5 hobgoblins
  7 ball pythons
  3 frilled lizards
  9 kobolds
  7 rats
222 creatures vanquished.

Vanquished Creatures (others)
  A two-headed ogre (D:8)
  Pikel (D:4)
  A warg (D:11)
  An acid dragon (D:11)
  2 water moccasins (D:9)
  Pargi (D:4)
  2 black bears
  A human (D:10)
  A wight (D:9)
  4 killer bees (D:9)
  A gnoll (D:2)
16 creatures vanquished.

Grand Total: 343 creatures vanquished

Notes
Turn   | Place    | Note
-------+----------+-------------------------------------------
     0 | D:1      | jasper the Spriggan Summoner began the quest for the Orb.
     0 | D:1      | Reached XP level 1. HP: 9/9 MP: 5/5
   132 | D:1      | Found a faded altar of an unknown god.
   242 | D:1      | Reached XP level 2. HP: 13/13 MP: 4/7
   248 | D:1      | Learned a level 2 spell: Call Imp
   866 | D:1      | Prayed at the altar of an unknown god.
   866 | D:1      | Became a worshipper of Elyvilon the Healer
   866 | D:1      | Reached * piety under Elyvilon
   939 | D:2      | Reached XP level 3. HP: 12/16 MP: 4/8
   945 | D:2      | Learned a level 3 spell: Call Canine Familiar
  1093 | D:2      | Reached XP level 4. HP: 5/21 MP: 4/9
  1663 | D:2      | Learned a level 3 spell: Summon Guardian Golem
  1678 | D:3      | Found a runed translucent door.
  1694 | D:3      | Reached skill level 5 in Summonings
  1817 | D:3      | Reached ** piety under Elyvilon
  1909 | D:3      | Reached XP level 5. HP: 12/24 MP: 6/10
  2057 | D:3      | Noticed a nameless horror
  2076 | D:3      | Killed a nameless horror
  2246 | D:3      | Noticed a phantom
  2261 | D:3      | Killed a phantom
  2815 | D:3      | Noticed wesleywilliam's ghost (amateur SpBr)
  2969 | D:4      | Noticed Pargi
  2972 | D:4      | Reached XP level 6. HP: 23/29 MP: 6/11
  3016 | D:4      | Reached skill level 3 in Dodging
  3039 | D:4      | Killed Pargi
  3040 | D:4      | Reached skill level 1 in Fighting
  3138 | D:4      | Reached *** piety under Elyvilon
  3329 | D:4      | Noticed Pikel
  3465 | D:4      | Killed Pikel
  3466 | D:4      | Reached skill level 5 in Dodging
  3466 | D:4      | Reached XP level 7. HP: 35/35 MP: 1/12
  3518 | D:4      | Learned a level 4 spell: Summon Lightning Spire
  3637 | D:4      | Found a white marble altar of Elyvilon.
  3741 | D:4      | Found a glowing drain.
  3777 | Sewer    | Entered a sewer
  4402 | Sewer    | Reached XP level 8. HP: 39/39 MP: 10/13
  4567 | Sewer    | Reached **** piety under Elyvilon
  4607 | Sewer    | Reached skill level 1 in Air Magic
  4914 | D:5      | Entered Level 5 of the Dungeon
  4948 | D:5      | Found a staircase to the Ecumenical Temple.
  4982 | Temple   | Entered the Ecumenical Temple
  5289 | D:5      | Found a shadowy altar of Dithmenos.
  5295 | D:5      | Found a basalt altar of Yredelemnul.
  5300 | D:5      | Found a glowing silver altar of Zin.
  5567 | D:5      | Reached skill level 6 in Dodging
  5762 | D:5      | Found Carreih's Armour Boutique.
  5904 | D:5      | Reached ***** piety under Elyvilon
  6488 | D:6      | Reached XP level 9. HP: 40/45 MP: 10/14
  6518 | D:6      | Noticed Sigmund
  6540 | D:6      | Killed Sigmund
  6748 | D:6      | Found Zelaschu's General Store.
  6777 | D:6      | Bought a +1 cloak of willpower for 214 gold pieces
  6777 | D:6      | Bought a scroll of immolation for 52 gold pieces
  6784 | D:6      | Found Laheb's Jewellery Boutique.
  8128 | D:8      | Noticed Erica
  8584 | D:8      | Reached skill level 10 in Summonings
  8590 | D:8      | Found a transporter.
  8599 | D:8      | Found a transporter.
  8599 | D:8      | Found a transporter.
  8624 | D:8      | Found a transporter.
  8871 | D:8      | Noticed a two-headed ogre
  8907 | D:8      | Killed a two-headed ogre
  8930 | D:8      | Killed Erica
  8931 | D:8      | Reached XP level 10. HP: 49/49 MP: 2/15
  9092 | D:8      | Found a glowing golden altar of the Shining One.
  9217 | D:8      | Fell from the grace of Elyvilon
  9217 | D:8      | Became a worshipper of the Shining One
  9217 | D:8      | Reached * piety under the Shining One
  9217 | D:8      | Reached ** piety under the Shining One
  9338 | D:9      | Reached *** piety under the Shining One
  9573 | D:9      | Found a staircase to the Lair.
  9586 | D:9      | Reached skill level 5 in Spellcasting
  9719 | D:9      | Reached skill level 1 in Unarmed Combat
  9830 | D:9      | Reached skill level 7 in Dodging
 10068 | D:10     | Entered Level 10 of the Dungeon
 10178 | D:10     | Found a stormy altar of Qazlal.
 10179 | D:10     | Noticed Maurice
 10192 | D:10     | Killed Maurice
 10309 | D:10     | Reached skill level 8 in Dodging
 10377 | D:10     | Noticed a two-headed ogre
 10387 | D:10     | Killed a two-headed ogre
 10388 | D:10     | Reached skill level 5 in Fighting
 10388 | D:10     | Reached XP level 11. HP: 55/55 MP: 12/19
 10455 | D:10     | Noticed a two-headed ogre
 10477 | D:10     | Killed a two-headed ogre
 10689 | D:10     | Reached skill level 9 in Dodging
 10699 | D:10     | Reached **** piety under the Shining One
 10957 | D:10     | Found an ancient bone altar of Kikubaaqudgha.
 11414 | D:11     | Found a staircase to the Orcish Mines.
 11419 | D:11     | Reached skill level 10 in Dodging
 11482 | D:11     | Noticed a two-headed ogre
 11496 | D:11     | Killed a two-headed ogre
 11612 | D:11     | Noticed a two-headed ogre
 11635 | D:11     | Killed a two-headed ogre
 11636 | D:11     | Reached skill level 5 in Unarmed Combat
 11736 | D:11     | Noticed a white ugly thing
 11747 | D:11     | Killed a white ugly thing
 12286 | D:11     | Noticed an orc knight
 12323 | D:11     | Reached skill level 11 in Dodging
 12403 | D:11     | Killed an orc knight
 12682 | D:11     | Noticed a centaur warrior
 12696 | D:11     | Killed a centaur warrior
 12815 | D:6      | Bought the ring "Hudulapt" {rPois rF+ Will+ Int+5 Stlth-}
                  | for 610 gold pieces
 13150 | Lair:1   | Entered Level 1 of the Lair of Beasts
 13169 | Lair:1   | Reached XP level 12. HP: 53/63 MP: 11/20
 13757 | Lair:1   | Noticed Gastronok
 13773 | Lair:1   | Killed Gastronok
 13774 | Lair:1   | Reached skill level 12 in Dodging
 14147 | Lair:2   | Noticed a six-headed hydra
 14556 | Lair:2   | Reached ***** piety under the Shining One
 14785 | Lair:2   | Slain by a skyshark

Illustrated notes

Levels and vault maps discovered:
D:1:      heliophobic_arrival_battle_scene, layout_basic,
          shapermc_ecumenical_altar_totnotflames, minmay_distorted
D:2:      layout_basic
D:3:      layout_basic, ebering_ghost_sewer_d
D:4:      layout_loops_ring, mainiacjoe_overflow_concentric_impassable,
          portal_sewer_entry_e, uniq_pargi, uniq_pikel
D:5:      layout_loops_ring, minmay_overflow_temple_star_quad,
          minmay_temple_entry_mini_moons, serial_shops, shop,
          minmay_misc_feat_secret_circle, minmay_fractal_squares_diagonal_5
D:6:      layout_basic, serial_shops, shop, minmay_shop_grid_forest,
          uniq_sigmund
D:7:      layout_rooms
D:8:      layout_loops_ring, nicolae_tso_swordbearing_angel,
          nicolae_diode_intersection, uniq_erica
D:9:      layout_roguey, due_lair_maze_entry_diamond
D:10:     layout_loops_cross, old_standard_altar, tgw_kikubaaqudgha,
          uniq_maurice
D:11:     minmay_chambers_of_sixes, layout_basic, minmay_orc_entry_guard_dogs,
          kennysheep_cross_bottleneck
Temple:   regret_index_temple_generic_petals
Lair:1:   layout_loops_ring, uniq_gastronok
Lair:2:   nzn_winding_woodlands_cross
          [nzn_winding_woodlands_5x15_pathside_ponds,
          nzn_winding_woodlands_5x15_river_crossing,
          nzn_winding_woodlands_5x15_sawtooth,
          nzn_winding_woodlands_5x15_jagged,
          nzn_winding_woodlands_15x15_killbox], layout_hall_layers,
          minmay_swamp_entry_worms, cheibrodos_lair_reptile_den

Skill      XL: |  1  2  3  4  5  6  7  8  9 10 11 12 |
---------------+-------------------------------------+-----
Spellcasting   | 3 5 |  5.1
Summonings     | 4 5 6 7 8 11 | 11.0
Hexes          | 2 |  2.0
Dodging        | 5 6 8 11 12 | 12.6
Fighting       | 2 3 5 7 8 |  8.1
Air Magic      | 2 3 4 |  4.0
Unarmed Combat | 3 5 6 |  6.9
Stealth        | |  3.0

Action                     |  1- 3 |  4- 6 |  7- 9 | 10-12 || total
---------------------------+-------+-------+-------+-------++-------
  Melee: Unarmed           |     1 |       |       |   204 ||   205
         Dagger            |    59 |       |       |       ||    59
         Spear             |       |   151 |   500 |       ||   651
         Punch             |       |     1 |     5 |    17 ||    23
         Trident           |       |       |     3 |       ||     3
         Scimitar          |       |       |       |    81 ||    81
  Throw: Dart              |       |       |     1 |       ||     1
   Cast: Summon Small Mamm |    16 |     5 |     2 |     2 ||    25
         Call Imp          |     9 |       |       |       ||     9
         Call Canine Famil |     3 |    22 |    59 |    46 ||   130
         Summon Guardian G |       |     5 |     9 |    12 ||    26
         Summon Lightning  |       |       |     1 |    39 ||    40
  Evoke: Wand              |       |       |       |     1 ||     1
    Use: Scroll            |       |     9 |     9 |     6 ||    24
         Potion            |       |     2 |     4 |     3 ||     9
   Stab: Distracted        |     1 |     2 |    11 |       ||    14
         Sleeping          |       |     5 |     3 |       ||     8
 Armour: Robe              |    10 |    19 |       |       ||    29
         Troll leather arm |       |     1 |   140 |    62 ||   203
  Dodge: Dodged            |    37 |   110 |   562 |   386 ||  1095

Table legend: (Time is in decaauts)
 A = Elapsed time spent in this place.
 B = Non-inter-level travel time spent in this place.
 C = Inter-level travel time spent in this place.
 D = Time resting spent in this place.
 E = Time spent auto-exploring this place.
 F = Levels seen in this place.
 G = Mean time per level.
                   A        B        C        D        E       F      G
               +--------+--------+--------+--------+--------+-----+--------+
         Total |  11411 |  11001 |    410 |    533 |   7118 |  15 |  760.7 |
       Dungeon |   9014 |   8682 |    332 |    277 |   5692 |  11 |  819.5 |
        Temple |    141 |    125 |     16 |      0 |    116 |   1 |  141.0 |
          Lair |   1226 |   1165 |     61 |    156 |    729 |   2 |  613.0 |
         Sewer |   1027 |   1027 |      0 |    100 |    581 |   1 | 1027.0 |
               +--------+--------+--------+--------+--------+-----+--------+

Top non-repeatable levels by time:
    D:11: 1493 daAuts
   Sewer: 1027 daAuts
     D:6: 890 daAuts
     D:8: 888 daAuts
     D:5: 845 daAuts
  Lair:1: 845 daAuts
     D:3: 835 daAuts
     D:4: 827 daAuts
    D:10: 752 daAuts
     D:9: 687 daAuts
     D:1: 682 daAuts
     D:2: 649 daAuts
     D:7: 462 daAuts
  Lair:2: 381 daAuts
  Temple: 141 daAuts
